 Dungeon Crawl Stone Soup version 0.30.0-5-g1a98f26d00 (webtiles) character file.

Game seed: 5579833778649310016

663 Foic the Vexing (level 7, 35/35 HPs)
             Began as a Spriggan Hexslinger on May 11, 2023.
             Got out of the dungeon alive.
             The game lasted 00:34:54 (4525 turns).

Foic the Vexing (Spriggan Hexslinger)               Turns: 4525, Time: 00:34:55

Health: 35/35      AC:  3    Str:  6    XL:     7   Next: 31%
Magic:  14/14      EV: 18    Int: 16    God:
Gold:   178        SH:  0    Dex: 16    Spells: 7/14 levels left

rFire   + . .        a - +1 sling
rCold   . . .        (no shield)
rNeg    . . .        c - +0 robe
rPois   .            (helmet restricted)
rElec   .            s - +0 cloak {Stlth+}
rCorr   .            (gloves unavailable)
SInv    +            (boots unavailable)
Will    +....        (no amulet)
Stlth   ++++         g - ring of protection from fire
HPRegen 0.25/turn    (no ring)
MPRegen 0.14/turn

%: no passive effects
@: very quick
A: very small, no large weapons, unfitting armour, see invisible, speed 3
a: no special abilities


You escaped.
You visited 1 branch of the dungeon, and saw 4 of its levels.

You collected 178 gold pieces.

Inventory:

Hand Weapons
 a - a +1 sling (weapon)
 b - a +1 vampiric dagger
 r - a +2 quarterstaff of chaos
Missiles
 o - 11 poisoned darts
Armour
 c - a +0 robe (worn)
 s - a +0 cloak of stealth (worn)
Jewellery
 g - a ring of protection from fire (left hand)
Wands
 l - a wand of digging (3)
Scrolls
 d - a scroll of poison
 e - 2 scrolls of enchant weapon {unknown}
 f - 8 scrolls of identify {unknown}
 h - a scroll of butterflies {unknown}
 i - a scroll of vulnerability {unknown}
 j - 3 scrolls of teleportation {unknown}
 k - a scroll of magic mapping {unknown}
 m - a scroll of fear {unknown}
 p - 2 scrolls of immolation {unknown}
 q - a scroll of brand weapon {unknown}
Potions
 n - a potion of flight
 t - 2 potions of heal wounds {unknown}
 u - a potion of haste {unknown}


   Skills:
 + Level 2.1 Fighting
 + Level 0.3 Short Blades
 * Level 3.8 Ranged Weapons
 + Level 4.2 Dodging
 + Level 3.6 Stealth
 * Level 4.4 Spellcasting
 * Level 5.6 Hexes
 + Level 3.2 Translocations


You had 7 spell levels left.
You knew the following spells:

 Your Spells              Type           Power      Damage    Failure   Level
a - Slow                  Hex            84%        N/A       1%          1
b - Portal Projectile     Hex/Tloc       34%        N/A       8%          3
c - Tukima's Dance        Hex            21%        N/A       4%          3

Your spell library contained the following spells:

 Spells                   Type           Power      Damage    Failure   Level
 Inner Flame              Hex/Fire       12%        N/A       16%         3
 Cause Fear               Hex            10%        N/A       16%         4
 Blade Hands              Tmut           1%         N/A       99%         5


Dungeon Overview and Level Annotations

Branches:
Dungeon (4/15)
 Temple: D:4-7

Altars:

Annotations:
D:4 grinder, Grinder


Innate Abilities, Weirdness & Mutations

You are very small and have problems with some larger weapons.
You are too small for most types of armour.
You have supernaturally acute eyesight. (SInv)
You cover ground extremely quickly. (Speed+++)


Message History

The goblin is heavily wounded.
Fire: a) +1 sling
Press: ? - help, Q - select action, (/) - cycle Shift-Dir - straight line, f/p - goblin
Aim: a goblin, wielding a +0 dagger (heavily wounded, slow, 53% to hit)
You shoot a sling bullet. The sling bullet hits the goblin.
You kill the goblin!
Things that are here:
a +0 dagger; a goblin corpse Grinder comes into view.
Press: ? - help, v - describe, . - travel
Here: Grinder (asleep)
The floor.
Things that are here:
a +0 dagger; a +0 sling Annotate which branch? (. - D:4, ? - help, ! - show branch list) New annotation for D:4 (include '!' for warning): grinder Save game and exit?
Level annotation: grinder, Grinder Welcome back, Foic the Spriggan Hexslinger.
Press ? for a list of commands and other information.
There is a stone staircase leading up here.
(D) Dungeon
Where to? (Enter - D:4 @ (x,y), ? - help)
What level of the Dungeon? (default 1, ? - help)
You climb upwards.
There is a stone staircase leading down here.
You see here a +0 giant spiked club.
There is a stone staircase leading up here.
You climb upwards.
There is a stone staircase leading down here.
You see here an orc skeleton.
You see here a +0 club.
You see here a +0 club.
You see here a +0 dagger.
There is a stone staircase leading up here.
You climb upwards.
There is a stone staircase leading down here.
There is a staircase leading out of the dungeon here.
Are you sure you want to leave the Dungeon?
This will make you lose the game!
You have escaped!

#.# #####.##.##########
#########.#########.##.....).....
..............#####....##########
##########.#####...##..)#
#.........###.....##.#.##
#.#.....##........##.#..#
##.#.....##.........####.#
...#.....##....♣....####.#
########.###....@....###.#
#.###.........###.# #
#.#.##........###.# ######
#.#.##.....###..#.#
.....###.#.##...#####....#
####.........#####....####
...#...##....##########
##.#.#.##.####### ...#.#.##.#


There were no monsters in sight!

Vanquished Creatures
  Sigmund (D:2)
  2 ogres
  A howler monkey (D:3)
  A jelly (D:3)
  A hound (D:4)
  Crazy Yiuf (D:2)
  Robin (D:2)
  6 gnolls (D:2)
  6 adders
  2 worms (D:3)
  3 dart slugs
  3 orcs
  10 bats
  6 endoplasms
  5 giant cockroaches
  11 goblins
  3 hobgoblins
  3 quokkas
  3 ball pythons
  4 frilled lizards
  7 kobolds
  8 rats
88 creatures vanquished.

Notes
Turn   | Place    | Note
-------+----------+-------------------------------------------
     0 | D:1      | Foic the Spriggan Hexslinger began the quest for the Orb.
     0 | D:1      | Reached XP level 1. HP: 9/9 MP: 3/3
   340 | D:1      | Reached XP level 2. HP: 14/14 MP: 5/5
   697 | D:1      | Reached skill level 1 in Stealth
  1025 | D:2      | Noticed Sigmund
  1059 | D:2      | Noticed Robin
  1061 | D:2      | Reached skill level 1 in Fighting
  1061 | D:2      | Reached skill level 1 in Translocations
  1077 | D:2      | Killed Robin
  1078 | D:2      | Reached skill level 4 in Hexes
  1078 | D:2      | Reached XP level 3. HP: 18/18 MP: 7/7
  1343 | D:2      | Learned a level 3 spell: Portal Projectile
  1402 | D:2      | Reached XP level 4. HP: 22/22 MP: 6/8
  2220 | D:2      | Killed Sigmund
  2221 | D:2      | Reached XP level 5. HP: 14/25 MP: 4/11
  2221 | D:2      | Reached XP level 6. HP: 16/30 MP: 4/12
  2772 | D:2      | Found a runed translucent door.
  2773 | D:2      | Noticed Crazy Yiuf
  2795 | D:2      | Killed Crazy Yiuf
  2796 | D:2      | Reached skill level 5 in Hexes
  4011 | D:3      | Reached XP level 7. HP: 35/35 MP: 14/14
  4160 | D:3      | Learned a level 3 spell: Tukima's Dance
  4390 | D:4      | Noticed Grinder
  4525 | D:$      | Got out of the dungeon alive.

Illustrated notes

Levels and vault maps discovered:
D:1:      spicycebolla_green_bress_n_ham, layout_basic, minmay_misc_feat_rugged,
          minmay_heptomino_l4
D:2:      layout_loops_ring, kennysheep_generic_room_6, uniq_sigmund,
          uniq_robin, uniq_crazy_yiuf_cottage
D:3:      layout_basic
D:4:      layout_layer_cave, uniq_grinder

Skill      XL: |  1  2  3  4  5  6 |
---------------+-------------------+-----
Spellcasting   | 2 3 4 |  4.4
Stealth        | 1 2 3 |  3.6
Fighting       | 1 2 |  2.1
Translocations | 1 2 3 |  3.2
Dodging        | 3 4 |  4.2
Hexes          | 4 5 |  5.6
Ranged Weapons | 3 |  3.8
Short Blades   | |  0.3

Action                     |  1- 3 |  4- 6 |  7- 9 || total
---------------------------+-------+-------+-------++-------
  Melee: Dagger            |     2 |    22 |    18 ||    42
   Fire: Sling             |    99 |   234 |    29 ||   362
   Cast: Slow              |    26 |    74 |    10 ||   110
         Portal Projectile |       |     2 |       ||     2
         Tukima's Dance    |       |       |     4 ||     4
    Use: Potion            |       |     2 |       ||     2
   Stab: Sleeping          |       |     1 |       ||     1
 Armour: Robe              |     4 |     6 |     1 ||    11
  Dodge: Dodged            |    33 |    30 |    23 ||    86
